 Dungeon Crawl Stone Soup version 0.28.0 (webtiles) character file.

Game seed: 4582852656395218242

850 ProzacElf the Ruffian (level 7, 0/59 HPs)
             Began as a Troll Hedge Wizard on Feb 7, 2022.
             Was a Priest of the Shining One.
             Slain by a killer bee (7 damage)
             ... on level 5 of the Dungeon.
             The game lasted 00:06:41 (3266 turns).

ProzacElf the Ruffian (Troll Hedge Wizard)          Turns: 3266, Time: 00:06:41

Health: 0/59       AC:  4    Str: 18 (19) XL:     7   Next: 69%
Magic:  18/18      EV:  9    Int: 10 (12) God:    the Shining One [***...]
Gold:   284        SH:  0    Dex:  8 (9)  Spells: 6/10 levels left

rFire   + . .      SeeInvis .     - Unarmed
rCold   + . .      Faith    +   e - +0 kite shield
rNeg    + . .      Spirit   .   b - +0 robe
rPois   .          Reflect  .   c - +0 hat
rElec   .          Harm     .   i - scarf {rC+ rF+}
rCorr   .          Rampage  .   (gloves unavailable)
Will    .....                   (boots unavailable)
Stlth   +.........              o - amulet of faith
HPRegen 0.99/turn               s - ring of wizardry
MPRegen 0.16/turn               y - ring of magical power

@: confused, brilliant, lethally poisoned (0 -> -3), ambrosia-drunk, attractive,
glowing
A: large, unfitting armour, claws 3, regeneration 1, shaggy fur 1, tough skin 1
a: Renounce Religion, Divine Shield, Cleansing Flame


You were on level 5 of the Dungeon.
You worshipped the Shining One.
The Shining One was most pleased with you.
You visited 2 branches of the dungeon, and saw 7 of its levels.

You collected 284 gold pieces.

Inventory:

Hand Weapons
 d - a +0 dagger
 x - a +0 vorpal dire flail
Missiles
 f - 214 stones
 r - 6 poisoned darts (quivered)
Armour
 b - a +0 robe (worn)
 c - a +0 hat (worn)
 e - a +0 kite shield (worn)
 i - a scarf of resistance (worn)
 q - a +0 cloak
Jewellery
 o - an amulet of faith (around neck)
 s - a ring of wizardry (left claw)
 y - a ring of magical power (right claw)
Wands
 p - a wand of digging (7)
 v - a wand of iceblast (8)
Scrolls
 h - a scroll of fear {unknown}
 k - 2 scrolls of teleportation {unknown}
 l - a scroll of fog {unknown}
 m - a scroll of enchant armour {unknown}
 t - a scroll of identify {unknown}
 u - 4 scrolls of immolation {unknown}
 w - a scroll of amnesia {unknown}
 A - a scroll of vulnerability {unknown}
Potions
 a - 2 potions of haste
 n - a potion of might {unknown}
 z - a potion of brilliance


   Skills:
 - Level 5.0 Dodging
 - Level 1.0 Stealth
 + Level 6.2 Unarmed Combat
 - Level 2.0 Spellcasting
 - Level 0.6 Conjurations
 - Level 0.6 Summonings
 - Level 0.6 Translocations
 + Level 1.2 Invocations


You had 6 spell levels left.
You knew the following spells:

 Your Spells              Type           Power      Damage    Failure   Level
a - Magic Dart            Conj           12%        1d3       26%         1
o - Blink                 Tloc           6%         N/A       36%         2
v - Slow                  Hex            4%         N/A       32%         1

Your spell library contained the following spells:

 Spells                   Type           Power      Damage    Failure   Level
 Call Imp                 Summ           3%         N/A       36%         2
 Conjure Flame            Conj/Fire      2%         6-21      63%         3
 Mephitic Cloud           Conj/Pois/Air  2%         N/A       65%         3


Dungeon Overview and Level Annotations

Branches:
Dungeon (6/15)             Temple (1/1) D:4

Altars:
Ashenzari
Cheibriados
Dithmenos
Elyvilon
Fedhas
Gozag
Hepliaklqana
Kikubaaqudgha
Makhleb
Okawaru
Qazlal
Ru
Sif Muna
Trog
Uskayaw
Wu Jian
Yredelemnul
Zin
The Shining One

Annotations:
D:3 3 runed translucent doors, Minsecho's ghost, amateur MfIE


Innate Abilities, Weirdness & Mutations

You are too large for most types of armour.
You have claws for hands.
Your natural rate of healing is unusually fast.
You are covered in fur. (AC +1)
You have tough skin. (AC +1)


Message History

Ye regain'd 3 hp, an' now haf 6/59 hp.
Okay, than.
Yer too confused ta attack without stumblin' around!
Ye closely miss tha killer bee.
Ye feel sick.
Tha killer bee misses ye.
Tha killer bee barely misses ye.
Ye regain'd 3 hp, an' now haf 9/59 hp.
Ye bump inta tha rock wall.
Ye feel sick.
Tha killer bee stin's ye.
* * * LOW HITPOINT WARNIN'
* * * Tha killer bee stin's ye.
* * * LOW HITPOINT WARNIN'
* * * Ye regain'd 2 hp, an' now haf 11/59 hp.
Ye closely miss tha killer bee.
Ye feel sick.
Tha killer bee stin's ye!
* * * LOW HITPOINT WARNIN'
* * * Tha killer bee stin's ye but does nay damage.
Ye take 3 damage, an' haf 8/59 hp.
Ye miss tha killer bee.
Ye feel sick.
Tha killer bee stin's ye.
* * * LOW HITPOINT WARNIN'
* * * Tha killer bee stin's ye.
* * * LOW HITPOINT WARNIN'
* * * Ye be more poison'd.
Tha killer bee poisons ye!
Ye take 4 damage, an' haf 4/59 hp.
It was a potion o' degeneration.
Thar was somethin' very wrong wit tha liquid.
Ye feel weaken'd.
Ye feel dopey.
Ye feel clumsy.
Ye feel sick.
Tha killer bee closely misses ye.
Tha killer bee barely misses ye.
Ye regain'd 4 hp, an' now haf 8/59 hp.
It was a potion o' brilliance.
Ye feel cle'er all o' a sudd'n.
Ye feel sick.
Tha killer bee barely misses ye.
Tha killer bee closely misses ye.
Ye regain'd 5 hp, an' now haf 13/59 hp.
It was a potion o' attraction.
Ye feel attractive ta monsters.
Ye feel sick.
Tha killer bee stin's ye!
* * * LOW HITPOINT WARNIN'
* * * Ye be more poison'd.
Tha killer bee poisons ye!
Tha killer bee stin's ye!
Ye die...

#....##..........##.#####..#.
#....##..........##..........
#....##......................
####....###..#......###.#.#.....
#.........[....)........#<......
#...........##.......######.####
#...........##........... .#
#...........######y#############
#..............@yyy.............
#...........######y.............
#...........# #..............
##...........# #..............
.............# #..............
#####........# #..............
....#P.......# #..............
_..##........# #..............
.......####### #..............


You could see 5 killer bees.

Vanquished Creatures
  Prince Ribbit (D:6)
  Edmund (D:5)
  A phantom (D:4)
  A water moccasin skeleton (D:5)
  A centaur zombie (D:6)
  A hound (D:4)
  2 jellies
  Crazy Yiuf (D:3)
  2 centaur skeletons (D:4)
  2 orc wizards (D:4)
  Robin (D:2)
  7 adders
  A worm (D:4)
  12 orcs
  11 ball pythons
  10 endoplasms
  7 hobgoblins
  3 kobolds
  A quokka (D:2)
  7 bats
  2 frilled lizards
  16 goblins
  9 rats
100 creatures vanquished.

Vanquished Creatures (others)
  14 plants (D:2)
14 creatures vanquished.

Grand Total: 114 creatures vanquished

Notes
Turn   | Place    | Note
-------+----------+-------------------------------------------
     0 | D:1      | ProzacElf the Troll Hedge Wizard began the quest for the
                  | Orb.
     0 | D:1      | Reached XP level 1. HP: 16/16 MP: 2/2
   173 | D:1      | Found a faded altar of an unknown god.
   196 | D:1      | Prayed at the altar of an unknown god.
   196 | D:1      | Became a worshipper of the Shining One
   196 | D:1      | Reached * piety under the Shining One
   251 | D:1      | Reached skill level 1 in Unarmed Combat
   294 | D:1      | Reached XP level 2. HP: 23/24 MP: 4/4
   649 | D:2      | Reached XP level 3. HP: 31/31 MP: 5/5
   686 | D:2      | Learned a level 1 spell: Slow
   689 | D:2      | Learned a level 2 spell: Blink
   713 | D:2      | Identified the +3 hand axe of Wrath {vamp, +Blink}
   747 | D:2      | Reached skill level 2 in Unarmed Combat
   889 | D:2      | Noticed Robin
   904 | D:2      | Reached XP level 4. HP: 39/39 MP: 6/6
   987 | D:2      | Killed Robin
  1175 | D:3      | Reached ** piety under the Shining One
  1205 | D:3      | Reached skill level 3 in Unarmed Combat
  1361 | D:3      | Found a runed translucent door.
  1362 | D:3      | Noticed Crazy Yiuf
  1370 | D:3      | Killed Crazy Yiuf
  1371 | D:3      | Reached XP level 5. HP: 31/45 MP: 7/7
  1522 | D:3      | Found a runed translucent gate.
  1522 | D:3      | Found a runed translucent gate.
  1522 | D:3      | Found a runed translucent gate.
  1771 | D:3      | Noticed Minsecho's ghost (amateur MfIE)
  1827 | D:4      | Found a sacrificial altar of Ru.
  2066 | D:4      | You fall into a shaft and drop 2 floors!
  2076 | D:6      | Noticed Prince Ribbit
  2100 | D:6      | Killed Prince Ribbit
  2101 | D:6      | Reached skill level 4 in Unarmed Combat
  2101 | D:6      | Reached XP level 6. HP: 41/53 MP: 8/8
  2166 | D:5      | Entered Level 5 of the Dungeon
  2185 | D:5      | Found an ancient bone altar of Kikubaaqudgha.
  2199 | D:5      | Reached skill level 5 in Unarmed Combat
  2211 | D:5      | Reached XP level 7. HP: 57/59 MP: 9/9
  2250 | D:5      | Noticed Edmund
  2266 | D:5      | Killed Edmund
  2376 | D:4      | Reached *** piety under the Shining One
  2377 | D:4      | Found a staircase to the Ecumenical Temple.
  2388 | Temple   | Entered the Ecumenical Temple
  2620 | D:4      | Reached skill level 5 in Dodging
  2661 | D:4      | Found an iron altar of Okawaru.
  2664 | D:4      | Found a shimmering blue altar of Sif Muna.
  2668 | D:4      | Found a shadowy altar of Dithmenos.
  2952 | D:4      | Reached skill level 6 in Unarmed Combat
  2952 | D:4      | Reached skill level 1 in Invocations
  3266 | D:5      | Slain by a killer bee

Illustrated notes

Levels and vault maps discovered:
D:1:      matt_arrival_diagonals, layout_rooms, shapermc_ecumenical_altar_gd,
          minivault_23, minmay_tromino_v4_b
D:2:      layout_basic, serial_bayou, serial_bayou_crossing,
          serial_bayou_ford_a, serial_bayou_shore_a, serial_bayou_pond_b,
          uniq_robin
D:3:      layout_basic, gammafunk_ghost_icy, uniq_crazy_yiuf_cottage
D:4:      layout_loops_corners, grunt_temple_overflow_diamond,
          mainiacjoe_overflow_paths, minmay_temple_entry_antechambers
D:5:      layout_basic, kiku_gazebo_garden_becter, kennysheep_small_circle,
          uniq_edmund, uniq_duvessa
D:6:      hangedman_cross_stitches, layout_loops_ring, xom_teletrap_fun,
          uniq_prince_ribbit1
Temple:   eino_narrow_crystal_temple

Skill      XL: |  1  2  3  4  5  6  7 |
---------------+----------------------+-----
Unarmed Combat | 1 2 3 4 5 6 |  6.2
Dodging        | 2 3 4 5 |  5.0
Invocations    | 1 |  1.2
Stealth        | |  1.0
Spellcasting   | |  2.0
Conjurations   | |  0.6
Summonings     | |  0.6
Translocations | |  0.6

Action                   |  1- 3 |  4- 6 |  7- 9 || total
-------------------------+-------+-------+-------++-------
Melee: Unarmed           |    79 |   127 |    48 ||   254
Throw: Dart              |       |     1 |       ||     1
  Use: Potion            |       |       |     4 ||     4
Armor: Robe              |    36 |    42 |    12 ||    90
Dodge: Dodged            |    35 |    48 |    24 ||   107
Block: Kite shield       |    22 |    33 |    19 ||    74
